 Dungeon Crawl Stone Soup version 0.29.1-15-g9cfb28693d (webtiles) character file.

Game seed: 6250857564574484742

39 pilgrim the Sneak (level 3, 0/19 HPs)
             Began as a Spriggan Delver on Mar 1, 2023.
             Slain by an adder (2 damage)
             ... on level 2 of the Dungeon.
             The game lasted 00:04:06 (2503 turns).

pilgrim the Sneak (Spriggan Delver)                 Turns: 2503, Time: 00:04:06

Health: 0/19       AC:  4    Str:  8    XL:     3   Next: 28%
Magic:  4/4        EV: 18    Int: 11    God:
Gold:   88         SH:  0    Dex: 18    Spells: 2/2 levels left

rFire   . . .      SeeInvis +   a - +0 short sword
rCold   . . .      Faith    .   (no shield)
rNeg    . . .      Spirit   .   b - +0 robe
rPois   .          Reflect  .   (helmet restricted)
rElec   .          Harm     .   (no cloak)
rCorr   .          Rampage  .   (gloves unavailable)
Will    +....      Clarity  +   (boots unavailable)
Stlth   ++++......              (no amulet)
HPRegen 0.06/turn               (no ring)
MPRegen 0.09/turn               (no ring)

@: very quick
A: very small, no large weapons, unfitting armour, see invisible, speed 3,
iridescent scales 1, clarity, strong-willed 1
a: no special abilities


You were on level 2 of the Dungeon.
You visited 2 branches of the dungeon, and saw 5 of its levels.

You collected 88 gold pieces.

Inventory:

Hand Weapons
 a - a +0 short sword (weapon)
Armour
 b - a +0 robe (worn)
Jewellery
 j - an amulet of faith
Wands
 g - a wand of digging (3)
Scrolls
 c - a scroll of fog
 d - a scroll of magic mapping
 e - a scroll of fear
 k - a scroll of identify {unknown}
 l - a scroll of vulnerability {unknown}
Potions
 f - a potion of haste
 h - a potion of mutation


   Skills:
 + Level 2.7 Fighting
 + Level 2.8 Short Blades
 + Level 3.3 Dodging
 + Level 7.7 Stealth


You had 2 spell levels left.
You didn't know any spells.
Your spell library was empty.

Dungeon Overview and Level Annotations

Branches:
Dungeon (5/15)             Temple (1/1) D:4

Altars:
Ashenzari
Cheibriados
Dithmenos
Fedhas
Gozag
Kikubaaqudgha
Makhleb
Okawaru
Qazlal
Ru
Sif Muna
Vehumet
Wu Jian
Xom
Yredelemnul
The Shining One


Innate Abilities, Weirdness & Mutations

You are very small and have problems with some larger weapons.
You are too small for most types of armour.
You have supernaturally acute eyesight. (SInv)
You cover ground extremely quickly. (Speed+++)
You are partially covered in iridescent scales. (AC +2)
You possess an exceptional clarity of mind.
You are strong-willed. (Will+)


Message History

You barely miss the adder.
The adder is almost dead.
You feel sick. The adder bites you.
* * * LOW HITPOINT WARNING * * *
The adder misses you.
* * * LOW HITPOINT WARNING * * *
You feel sick.
It was a potion of mutation.
You feel extremely strange.
You feel strong-willed.
Iridescent scales grow over part of your body.
Your thoughts seem clearer.
* * * LOW HITPOINT WARNING * * *
You feel sick.
It was a potion of heal wounds.
You feel much better.
You feel sick. The adder misses you. The adder closely misses you.
You feel sick. The adder bites you.
You feel sick.
You feel sick.
You are no longer poisoned.
You closely miss the adder.
The adder is almost dead.
The adder misses you.
You closely miss the adder.
The adder is almost dead.
The adder bites you.
You are poisoned.
The adder poisons you!
You hit the adder.
You kill the adder!
You feel sick. The adder misses you.
You feel sick.
You feel sick.
You feel sick.
You feel sick.
You feel sick.
You are no longer poisoned.
You see here 6 stones.
An adder is nearby!
The adder bites you.
You die...

#......#######
#......#.....#
#......#.....#
#......#.....#
#......#.....#####
##...............#
#........S(......#
#.#......###.....#
#.#......# #@....#
#.#......# #.S...#
####.#......#
#.....#
##S...#......#
#.....#
...###########
####### ####


You could see an adder.

Vanquished Creatures
  3 adders
  A dart slug (D:4)
  A bat (D:3)
  An endoplasm (D:4)
  4 jackals (D:4)
  A rat (D:3)
11 creatures vanquished.

Vanquished Creatures (others)
  7 plants (D:4)
7 creatures vanquished.

Grand Total: 18 creatures vanquished

Notes
Turn   | Place    | Note
-------+----------+-------------------------------------------
     0 | D:5      | pilgrim the Spriggan Delver began the quest for the Orb.
     0 | D:5      | Reached XP level 1. HP: 11/11 MP: 2/2
    15 | D:5      | Reached XP level 2. HP: 16/16 MP: 3/3
    32 | D:5      | Found an iron altar of Okawaru.
    42 | D:5      | Noticed a scorpion
    45 | D:5      | Found a shadowy altar of Dithmenos.
    49 | D:5      | Found a broken altar of Ashenzari.
   284 | D:4      | Found a snail-covered altar of Cheibriados.
  1333 | D:4      | Found a staircase to the Ecumenical Temple.
  1338 | Temple   | Entered the Ecumenical Temple
  2056 | D:3      | Reached XP level 3. HP: 19/19 MP: 4/4
  2129 | D:3      | Noticed a black bear
  2471 | D:2      | Gained mutation: You are strong-willed. (Will+) [potion of
                  | mutation]
  2471 | D:2      | Gained mutation: You are partially covered in iridescent
                  | scales. (AC +2) [potion of mutation]
  2471 | D:2      | Gained mutation: You possess an exceptional clarity of
                  | mind. [potion of mutation]
  2503 | D:2      | Slain by an adder

Illustrated notes

Levels and vault maps discovered:
D:2:      layout_basic, basic_altar, uniq_crazy_yiuf_cottage, uniq_robin
D:3:      layout_loops_ring, shapermc_ecumenical_altar_pompeii
D:4:      layout_basic, slow_altar_1, minmay_temple_entry_gardened_gates,
          ebering_ghost_reflecting_pool, minivault_5,
          amcnicky_mini_rare_corridor_liquid
D:5:      layout_cave_pools, minitemple, gammafunk_ghost_hive
Temple:   minmay_temple_forest_path

Skill      XL: |  1 |
---------------+----+-----
Dodging        | 3 |  3.3
Fighting       | |  2.7
Short Blades   | |  2.8
Stealth        | |  7.7

Action                   || total
-------------------------++-------
Melee: Short sword       ||    83
Throw: Boomerang         ||     5
  Use: Potion            ||     2
 Stab: Sleeping          ||     4
Armor: Robe              ||     5
Dodge: Dodged            ||    65
